 Dungeon Crawl Stone Soup version 0.25-a0-435-g4b9beb1024 (webtiles) character file.

Game seed: 9733843997359467399, levelgen mode: deterministic

13 BeastOfSaturn the Insei (level 2, -2/21 HPs)
             Began as a Demonspawn Transmuter on Jan 29, 2020.
             Slain by an ooze (4 damage)
             ... on level 1 of the Dungeon.
             The game lasted 00:02:09 (591 turns).

BeastOfSaturn the Insei (Demonspawn Transmuter)      Turns: 591, Time: 00:02:09

Health: -2/21      AC:  2    Str: 10    XL:     2   Next: 24%
Magic:  4/5        EV: 12    Int: 19    God:
Gold:   28         SH:  0    Dex: 13    Spells: 4/5 levels left

rFire    . . .     SeeInvis .     - Unarmed
rCold    . . .     Gourm    .   (no shield)
rNeg     . . .     Faith    .   b - +0 robe
rPois    .         Spirit   .   (no helmet)
rElec    .         Reflect  .   (no cloak)
rCorr    .         Harm     .   (no gloves)
MR       .....                  (boots currently unavailable)
Stlth    ++........             (no amulet)
HPRegen  0.07/turn              (no ring)
MPRegen  0.09/turn              (no ring)

@: brilliant, appendage (expiring), hasted, very quick
A: talons 3, nightstalker 1
a: End Transformation


You were on level 1 of the Dungeon.
You were not hungry.
You had grown temporary talons.
You visited 1 branch of the dungeon, and saw 1 of its levels.

You collected 28 gold pieces.

Inventory:

Hand Weapons
 f - a +0 dagger of speed
Missiles
 a - 12 arrows
Armour
 b - a +0 robe (worn)
 i - a +2 plate armour of poison resistance
Scrolls
 e - 3 scrolls of identify {unknown}
 h - a scroll of teleportation {unknown}
Comestibles
 d - 2 rations


   Skills:
 + Level 1.0 Fighting
 + Level 1.7 Dodging
 * Level 3.2 Unarmed Combat
 + Level 2.1 Spellcasting
 * Level 1.9 Transmutations


You had 4 spell levels left.
You knew the following spells:

 Your Spells              Type           Power        Failure   Level  Hunger
a - Beastly Appendage     Tmut           ###...       1%          1    #......

Your spell library contained the following spells:

 Spells                   Type           Power        Failure   Level  Hunger
 Sticks to Snakes         Tmut           ###.....     1%          2    ##.....
 Spider Form              Tmut/Pois      ###.......   4%          3    ###....
 Ice Form                 Ice/Tmut       ###.....     13%         4    #####..
 Blade Hands              Tmut           ###.......   22%         5    ######.


Dungeon Overview and Level Annotations

Branches:
Dungeon (1/15)

Altars:


Innate Abilities, Weirdness & Mutations

You are slightly more attuned to the shadows.
You have claws for feet.


Message History

The hobgoblin is heavily wounded.
The hobgoblin hits you. The ooze hits you.
* * * LOW HITPOINT WARNING * * *
You hit the hobgoblin.
You kill the hobgoblin!
The ooze hits you but does no damage.
Your magical contamination has completely faded away.
You see here a kobold corpse.
You see here a stone.
Casting: Beastly Appendage (safe; 11% risk of failure)
Confirm with . or Enter, or press ? or * to list all spells.
Your feet morph into talons.
The ooze misses you.
You hit the ooze but do no damage. You claw the ooze, but do no damage.
The ooze hits you.
* * * LOW HITPOINT WARNING * * *
It was a potion of brilliance.
You feel clever all of a sudden.
Your transformation is almost over.
The ooze misses you.
It was a potion of haste.
You feel yourself speed up. The ooze hits you.
You die...

############ ####################
<.#..#.##...##.....##............
#..##.##.##....#....#...#........
..#..#.#...#....##....##...⌠....#
###..###.##....#.#.....(.÷.....##
#.#...#..#...#...#.....÷÷....##
######.#÷..#..##.##....####...#
##.#÷.##.@JK.....###[##...
#.##......##.....#>##.'...
#.#..#......#....##.†##... .
#...#..##...#...####...#
#.#..#.(##..#..##........## .
#..##. ...............## ..#.#.
#. ...#.#.#...⌠....# #.## ..#
#..# ...#........ . .. #..
...........


You could see an ooze and a kobold.

Vanquished Creatures
  A leopard gecko (D:1)
  2 bats (D:1)
  2 goblins (D:1)
  2 hobgoblins (D:1)
  2 frilled lizards (D:1)
  A kobold (D:1)
  2 rats (D:1)
12 creatures vanquished.

Notes
Turn   | Place    | Note
-------+----------+-------------------------------------------
     0 | D:1      | BeastOfSaturn the Demonspawn Transmuter began the quest for
                  | the Orb.
     0 | D:1      | Reached XP level 1. HP: 15/15 MP: 3/3
   363 | D:1      | Reached skill level 3 in Unarmed Combat
   368 | D:1      | Gained mutation: You are slightly more attuned to the
                  | shadows. [demonic ancestry]
   368 | D:1      | Reached XP level 2. HP: 15/21 MP: 3/5
   591 | D:1      | Slain by an ooze

Levels and vault maps discovered:
D:1:      erik_arrival_cave_to_civilisation [erik_arrival_cave_to_hall],
          layout_basic, minmay_3d_cube

Skill      XL: |  1 |
---------------+----+-----
Unarmed Combat | 3 |  3.2
Fighting       | |  1.0
Dodging        | |  1.7
Spellcasting   | |  2.1
Transmutations | |  1.9

Action                   || total
-------------------------++-------
Melee: Unarmed           ||    35
       Headbutt          ||     1
       Kick              ||     1
 Cast: Beastly Appendage ||     3
  Use: Potion            ||     2
 Stab: Sleeping          ||     1
Armor: Robe              ||    12
Dodge: Dodged            ||    27

Table legend:
 A = Non-vault XP
 B = Vault XP
 C = Vault XP percentage of total XP
 D = Non-vault monster count
 E = Vault monster count
 F = Vault count percentage of total count
                 A         B        C        D         E       F
            +---------+---------+-------+---------+---------+-------
      Total |      17 |       2 |  10.5 |      10 |       2 |  16.7
            +---------+---------+-------+---------+---------+-------
        D:1 |      17 |       2 |  10.5 |      10 |       2 |  16.7
            +---------+---------+-------+---------+---------+-------
